 Dungeon Crawl Stone Soup version 0.27-a0-277-g024f7ef292 (webtiles) character file.

Game seed: 9512915505314250441

2414 gimp the Geomancer (level 9, -3/53 HPs)
             Began as an Octopode Earth Elementalist on Feb 6, 2021.
             Was an Initiate of Gozag.
             Slain by a gargoyle
             ... wielding a +0 mace
              (19 damage)
             ... on level 7 of the Dungeon.
             The game lasted 00:10:48 (7929 turns).

gimp the Geomancer (Octopode Earth Elementalist)    Turns: 7929, Time: 00:10:48

Health: -3/53      AC:  1    Str:  8    XL:     9   Next: 47%
Magic:  5/17       EV: 13    Int: 20    God:    Gozag
Gold:   1917       SH:  0    Dex: 12    Spells: 5/18 levels left

rFire    . . .     SeeInvis .   r - +5 dagger (venom)
rCold    + . .     Faith    .   (no shield)
rNeg     + . .     Spirit   .   (helmet restricted)
rPois    .         Reflect  .   c - amulet of the acrobat
rElec    .         Harm     .   q - ring of resist corrosion
rCorr    +         Rampage  .   g - ring of positive energy
Will     +....                  s - ring of protection from cold
Stlth    +++.......             (no ring)
HPRegen  0.17/turn              v - ring of willpower
MPRegen  0.15/turn              (no ring)
                                (no ring)
                                (no ring)

@: very slightly contaminated
A: almost no armour, stealthy swim, amphibious, 8 rings, constrict 8, camouflage
1, gelatinous body 1
a: Renounce Religion, Potion Petition, Call Merchant, Bribe Branch


You were on level 7 of the Dungeon.
You worshipped Gozag.
Gozag was most pleased with you.
You visited 2 branches of the dungeon, and saw 8 of its levels.
You also visited: Bailey.

You collected 2245 gold pieces.
You spent 204 gold pieces at shops.
You paid 124 gold pieces to Gozag.

Inventory:

Hand Weapons
 r - a +5 dagger of venom (weapon)
Missiles
 a - 15 poisoned darts
 b - 171 stones
Armour
 n - a +1 kite shield
Jewellery
 c - an amulet of the acrobat (around mantle)
 g - a ring of positive energy (right tentacle)
 q - a ring of resist corrosion (left tentacle)
 s - a ring of protection from cold (on tentacle)
 v - a ring of willpower (on tentacle)
Wands
 o - a wand of polymorph (5)
 t - a wand of iceblast (2)
Scrolls
 f - a scroll of blinking
 k - a scroll of teleportation
 u - a scroll of enchant armour
Potions
 d - a potion of resistance
 e - a potion of brilliance
 h - a potion of berserk rage
 i - 3 potions of curing
 j - a potion of flight
 l - a potion of cancellation
 m - a potion of might
 p - a potion of ambrosia {unknown}
 w - 2 potions of haste {unknown}
 x - a potion of lignification {unknown}


   Skills:
 - Level 1.0 Fighting
 + Level 3.3 Short Blades
 - Level 2.0 Dodging
 - Level 2.6 Stealth
 + Level 5.3 Spellcasting
 - Level 5.0 Conjurations
 + Level 3.5 Transmutations
 * Level 8.9 Earth Magic


You had 5 spell levels left.
You knew the following spells:

 Your Spells              Type           Power        Failure   Level
a - Stone Arrow           Conj/Erth      66%          1%          3
b - Sandblast             Erth           82%          1%          1
c - Petrify               Tmut/Erth      30%          9%          4
d - Lee's Rapid Deconstr  Erth           20%          8%          5

Your spell library contained the following spells:

 Spells                   Type           Power        Failure   Level
 Passwall                 Tmut/Erth      25%          1%          2
 Freeze                   Ice            20%          11%         1
 Frozen Ramparts          Ice            10%          32%         3
 Ozocubu's Armour         Ice            5%           32%         3
 Hailstorm                Conj/Ice       15%          36%         4
 Summon Ice Beast         Ice/Summ       5%           73%         4


Dungeon Overview and Level Annotations

Branches:
Dungeon (7/15)             Temple (1/1) D:6          Bailey (visited)

Altars:
Ashenzari
Cheibriados
Dithmenos
Elyvilon
Fedhas
Gozag
Hepliaklqana
Kikubaaqudgha
Makhleb
Nemelex Xobeh
Okawaru
Qazlal
Ru
Sif Muna
Trog
Vehumet
Wu Jian
Xom
Yredelemnul
Zin
The Shining One

Shops:
D:4 *


Innate Abilities, Weirdness & Mutations

You cannot wear most types of armour.
You are very stealthy in the water. (Stealth+)
You are amphibious.
You can wear up to eight rings at the same time.
You can use your tentacles to constrict eight enemies at once.
Your skin changes colour to match your surroundings (Stealth+).
Your rubbery body absorbs attacks. (AC +1, EV +1)


Message History

You take 24 damage, and have 16/53 hp.
MASSIVE DAMAGE!!
You now have 11/17 mp.
Casting: Stone Arrow (safe; 1% risk of failure)
Confirm with . or Enter, or press ? or * to list all spells.
Aiming: Stone Arrow (safe; 1% risk of failure)
Press: ? - help, Shift-Dir - straight line, f/p - gargoyle
Aim: a gargoyle, wielding a +0 mace (severely damaged, 12% to evade)
You miscast Stone Arrow.
You are very lightly contaminated with residual magic.
Nothing appears to happen.
You now have 8/17 mp.
Casting: Stone Arrow (safe; 1% risk of failure)
Confirm with . or Enter, or press ? or * to list all spells.
Aiming: Stone Arrow (safe; 1% risk of failure)
Press: ? - help, Shift-Dir - straight line, f/p - gargoyle
Aim: a gargoyle, wielding a +0 mace (severely damaged, 12% to evade)
The stone arrow hits the gargoyle.
The gargoyle is almost destroyed.
The gargoyle hits you with a +0 mace!!
You die...
Your body crumbles into a pile of gold.

## ##+.+##
#+.....+###
#.......#$#
#+.......9#
#....8..@.#
+.......+# ...
#.......# ....
#+.....+# ...
##...## ..#
#8...8###.#
...##...##...#
#.........#######
#
..................


You could see a gargoyle.

Vanquished Creatures
  Pikel (D:5)
  Menkaure (D:5)
  2 ice beasts (D:6)
  6 orc warriors
  A sky beast (D:7)
  A centaur (D:5)
  An ogre (D:7)
  2 lemures (D:5)
  A phantom (D:6)
  A bullfrog (D:6)
  2 scorpions
  A centaur skeleton (D:6)
  A jelly (D:6)
  A hound (D:4)
  An orc priest (D:3)
  A bullfrog skeleton (D:5)
  2 iguanas
  2 orc wizards (D:6)
  4 worker ants
  A killer bee zombie (D:6)
  A worker ant zombie (D:2)
  A howler monkey skeleton (D:4)
  A gnoll (Bailey)
  7 adders
  A shadow imp (D:5)
  2 ufetubi (D:5)
  2 oozes
  2 worms
  3 dart slugs
  6 leopard geckos
  15 orcs
  3 giant cockroaches
  11 goblins
  11 hobgoblins
  4 jackals
  19 kobolds
  3 quokkas
  2 ball pythons (D:2)
  7 bats
  A frilled lizard (D:1)
  A jackal zombie (D:6)
  A leopard gecko skeleton (D:4)
  5 rats
142 creatures vanquished.

Notes
Turn   | Place    | Note
-------+----------+-------------------------------------------
     0 | D:1      | gimp the Octopode Earth Elementalist began the quest for
                  | the Orb.
     0 | D:1      | Reached XP level 1. HP: 11/11 MP: 3/3
   180 | D:1      | Reached XP level 2. HP: 14/17 MP: 1/5
   795 | D:2      | Reached skill level 4 in Earth Magic
   795 | D:2      | Reached XP level 3. HP: 22/22 MP: 4/6
   800 | D:2      | Learned a level 3 spell: Stone Arrow
   997 | D:2      | Reached skill level 1 in Fighting
  1045 | D:2      | Reached skill level 1 in Conjurations
  1045 | D:2      | Reached XP level 4. HP: 18/28 MP: 1/7
  2022 | D:3      | Reached XP level 5. HP: 33/33 MP: 6/8
  2781 | D:4      | Reached skill level 5 in Earth Magic
  2868 | D:4      | Found Lifaull's Assorted Antiques.
  2875 | D:4      | Reached XP level 6. HP: 38/38 MP: 6/10
  2885 | D:4      | Bought a curved fluorescent wand for 136 gold pieces
  2885 | D:4      | Bought a scroll labelled SOANABR XUMUK for 34 gold pieces
  2885 | D:4      | Bought a scroll labelled JARGHI SE FOYCW for 34 gold pieces
  3104 | D:4      | You fall into a shaft and drop 1 floor!
  3104 | D:5      | Entered Level 5 of the Dungeon
  3104 | D:5      | Found an iron altar of Okawaru.
  3104 | D:5      | Found a snail-covered altar of Cheibriados.
  3104 | D:5      | Found an ornate altar of the Wu Jian Council.
  3104 | D:5      | Found a glowing silver altar of Zin.
  3286 | D:5      | Reached XP level 7. HP: 36/43 MP: 8/11
  3347 | D:5      | Found an ancient bone altar of Kikubaaqudgha.
  3467 | D:5      | Noticed Menkaure
  3474 | D:5      | Learned a level 4 spell: Petrify
  3479 | D:5      | Killed Menkaure
  3733 | D:5      | Reached skill level 6 in Earth Magic
  3976 | D:5      | Noticed Pikel
  4006 | D:5      | Killed Pikel
  4007 | D:5      | Reached skill level 5 in Conjurations
  4007 | D:5      | Reached skill level 7 in Earth Magic
  4007 | D:5      | Reached XP level 8. HP: 27/48 MP: 0/14
  4573 | D:4      | Found a broken altar of Ashenzari.
  4755 | D:6      | Reached skill level 1 in Short Blades
  5201 | D:6      | Found a staircase to the Ecumenical Temple.
  5213 | Temple   | Entered the Ecumenical Temple
  5320 | Temple   | Became a worshipper of Gozag Ym Sagoz the Greedy
  5776 | D:6      | Reached skill level 8 in Earth Magic
  6086 | D:6      | Reached XP level 9. HP: 41/53 MP: 6/16
  6096 | D:6      | Learned a level 5 spell: Lee's Rapid Deconstruction
  6392 | D:7      | Found a flagged portal.
  6405 | Bailey   | Entered a bailey
  6841 | Bailey   | Reached skill level 5 in Spellcasting
  7925 | D:7      | Noticed a gargoyle
  7929 | D:7      | Slain by a gargoyle

Illustrated notes

Levels and vault maps discovered:
D:1:      scummos_arrival_checkerplants, layout_loops_ring, minmay_pentomino_q2
D:2:      layout_rooms
D:3:      layout_basic, minivault_19
D:4:      layout_basic, kennysheep_mini_moat, serial_shops, shop_fountains
D:5:      layout_basic, grunt_temple_overflow_open, lemuel_tele_altar,
          uniq_menkaure, uniq_pikel
D:6:      layout_layer_cave, minmay_temple_entry_statues_pillars, st_stairs_1
D:7:      cheibrodos_statue_roulette, layout_basic, serial_shops,
          nicolae_shop_temple_entry_statues_fountains, enter_bailey_2,
          uniq_harold
Temple:   nicolae_temple_x_marks_the_god

Skill      XL: |  1  2  3  4  5  6  7  8  9 |
---------------+----------------------------+-----
Earth Magic    | 4 5 7 8 |  8.9
Fighting       | 1 |  1.0
Conjurations   | 1 2 3 5 |  5.0
Spellcasting   | 3 4 5 |  5.3
Short Blades   | 2 3 |  3.3
Transmutations | 2 3 |  3.5
Dodging        | |  2.0
Stealth        | |  2.6

Action                   |  1- 3 |  4- 6 |  7- 9 || total
-------------------------+-------+-------+-------++-------
Melee: Unarmed           |     1 |       |       ||     1
       Dagger            |     6 |    10 |    21 ||    37
       Constrict         |     1 |     3 |     3 ||     7
       Tentacles         |       |     3 |     3 ||     6
 Cast: Sandblast         |    38 |    69 |     2 ||   109
       Stone Arrow       |       |       |   111 ||   111
  Use: Scroll            |       |    13 |     5 ||    18
       Potion            |       |     4 |     1 ||     5
 Stab: Sleeping          |       |     2 |     2 ||     4
Armor: Skin              |       |     5 |     2 ||     7
Dodge: Dodged            |     9 |    18 |    53 ||    80

Table legend: (Time is in decaauts)
 A = Elapsed time spent in this place.
 B = Non-inter-level travel time spent in this place.
 C = Inter-level travel time spent in this place.
 D = Time resting spent in this place.
 E = Time spent auto-exploring this place.
 F = Levels seen in this place.
 G = Mean time per level.
                   A        B        C        D        E       F      G
               +--------+--------+--------+--------+--------+-----+--------+
         Total |   7924 |   7781 |    143 |    363 |   6439 |   9 |  880.4 |
       Dungeon |   6615 |   6475 |    140 |      3 |   5712 |   7 |  945.0 |
        Temple |    111 |    108 |      3 |      0 |    102 |   1 |  111.0 |
        Bailey |   1197 |   1197 |      0 |    360 |    625 |   1 | 1197.0 |
               +--------+--------+--------+--------+--------+-----+--------+

Top non-repeatable levels by time:
     D:6: 1607 daAuts
     D:5: 1336 daAuts
  Bailey: 1197 daAuts
     D:4: 951 daAuts
     D:3: 844 daAuts
     D:2: 789 daAuts
     D:1: 734 daAuts
     D:7: 351 daAuts
  Temple: 111 daAuts
